Map: Романтицид РВ

Players

CrAnK - Winner!

  • Race: Terran Terran
  • League: Diamond

Kantara

  • Race: Protoss Protoss
  • League: Diamond

VOD

Have the link to the VOD?

Description

Time

  • Played on: July 8, 2021, 2:45 p.m.
  • Length: 25:45
Show
View Real Time Build Order
Export as new Build Order

CrAnK Terran - Winner!

Build Orders: Gas First Reaper Expand, Liberator Opening 

Get SALT Encoding   

  12  0:00  SCV  
  13  0:12  SCV  
  14  0:17  Supply Depot  
  14  0:26  SCV  
  14  0:28  Refinery  
  15  0:39  SCV  
  16  0:45  Barracks  
  16  0:51  SCV  
  17  1:03  SCV  
  18  1:17  SCV  
  19  1:32  Orbital Command  
  19  1:33  Reaper  
  20  1:50  Command Center  
  20  2:02  SCV  
  21  2:10  Supply Depot  
  21  2:14  SCV  
  22  2:20  Barracks Tech Lab, Factory  
  22  2:23  Refinery  
  22  2:26  SCV  
  23  2:38  Supply Depot  
  23  2:39  SCV  
  24  2:50  Barracks Reactor  
  24  2:51  SCV  
  25  3:03  SCV  
  26  3:08  Starport  
  26  3:12  Cyclone  
  29  3:15  SCV  
  29  3:16  Orbital Command  
  30  3:27  SCV  
  31  3:39  SCV  
  32  3:43  SCV  
  33  3:51  Cyclone, SCV  
  33  3:52  Marine x2  
  39  3:55  SCV  
  39  3:56  Liberator  
  43  4:03  SCV  
  43  4:04  Refinery  
  43  4:08  SCV  
  45  4:15  SCV  
  46  4:20  SCV  
  47  4:26  Supply Depot  
  47  4:27  SCV  
  48  4:32  SCV  
  49  4:40  SCV  
  49  4:44  SCV  
  51  4:52  SCV  
  52  4:53  Barracks x2  
  52  4:54  Engineering Bay  
  52  4:55  Command Center  
  52  4:56  Refinery, SCV  
  52  4:57  Marine, Supply Depot  
  52  4:58  Marine  
  55  5:00  Starport Reactor, Siege Tank  
  55  5:04  SCV  
  59  5:19  SCV x2  
  61  5:28  Marine x2  
  61  5:31  Terran Infantry Weapons Level 1, SCV x2  
  65  5:36  Supply Depot x2  
  65  5:43  SCV x2  
  65  5:45  Barracks Tech Lab  
  65  5:46  Barracks Tech Lab  
  67  5:55  SCV  
  67  5:56  SCV  
  66  5:59  Missile Turret  
  66  6:01  Missile Turret  
  66  6:03  Marine x2  
  68  6:06  Marauder x2  
  68  6:07  Missile Turret  
  68  6:08  Combat Shield, Stimpack  
  72  6:14  Engineering Bay, SCV x2, Armory  
  72  6:15  Orbital Command  
  74  6:26  Barracks x2  
  74  6:27  Marauder  
  74  6:28  Marine x2  
  78  6:33  SCV x2  
  78  6:37  Refinery  
  78  6:38  Refinery  
  80  6:42  Terran Infantry Armor Level 1  
  80  6:45  SCV x3  
  83  6:55  Supply Depot  
  83  6:56  Supply Depot  
  83  6:57  Medivac, SCV x2  
  83  6:58  Medivac, Marine x2  
  83  7:00  SCV  
  92  7:08  Marauder x2  
  96  7:09  SCV x2  
  96  7:12  SCV  
  96  7:15  Barracks Tech Lab, Barracks Reactor  
  99  7:18  Terran Ship Weapons Level 1  
  99  7:21  SCV  
  100  7:31  SCV x2  
  100  7:32  Fusion Core  
  100  7:33  SCV, Starport  
  100  7:35  Factory Reactor  
  103  7:43  SCV x2, Command Center  
  105  7:44  Sensor Tower  
  105  7:45  SCV, Marauder x2, Marine  
  111  7:54  Viking x2  
  111  7:55  SCV x2  
  111  7:58  Terran Infantry Weapons Level 2  
  117  8:07  Supply Depot  
  117  8:08  Supply Depot  
  117  8:11  Supply Depot  
  117  8:12  Supply Depot  
  117  8:24  Viking  
  119  8:29  Advanced Ballistics, Starport  
  119  8:30  Starport  
  119  8:31  Viking, Starport  
  121  8:47  Marauder x4, Marine x2  
  131  8:54  Viking  
  133  8:55  SCV  
  133  8:56  SCV x2  
  133  8:57  Planetary Fortress  
  133  9:01  Viking  
  138  9:03  Refinery  
  138  9:07  Sensor Tower, Starport Tech Lab x3  
  138  9:09  Widow Mine  
  142  9:10  Widow Mine  
  142  9:11  Marine x5  
  147  9:22  Marauder  
  147  9:24  Viking  
  149  9:28  Marine  
  149  9:29  Marine  
  149  9:30  Marauder x3  
  149  9:31  Viking  
  161  9:32  Battlecruiser  
  167  9:41  Refinery  
  167  9:42  Marine  
  167  9:44  Battlecruiser  
  174  9:53  Battlecruiser  
  174  9:59  Supply Depot  
  180  10:00  Supply Depot  
  180  10:02  Ghost Academy  
  180  10:03  Weapon Refit  
  180  10:10  Terran Ship Weapons Level 2  
  180  10:20  Viking  
  182  10:27  Supply Depot  
  182  10:33  Personal Cloaking  
  182  10:36  Battlecruiser  
  188  10:52  Supply Depot  
  188  11:03  Battlecruiser  
  200  11:04  Battlecruiser  
  200  11:16  Terran Infantry Weapons Level 3  
  200  11:23  Terran Infantry Armor Level 2  
  200  11:26  Command Center  
  200  11:36  Command Center  
  198  11:53  Battlecruiser  
  187  12:08  Battlecruiser  
  190  12:13  Armory  
  190  12:14  Raven  
  192  12:28  Command Center  
  192  12:30  Command Center  
  192  12:57  Raven  
  169  13:30  Battlecruiser x2  
  171  13:40  Battlecruiser  
  163  13:52  Planetary Fortress  
  163  13:55  Refinery x2  
  163  13:56  Refinery  
  163  13:59  Planetary Fortress, Missile Turret  
  163  14:03  Terran Vehicle And Ship Armor Level 1  
  163  14:04  Terran Ship Weapons Level 3  
  163  14:08  Viking  
  165  14:19  Missile Turret  
  165  14:34  Raven, Battlecruiser  
  173  14:39  Missile Turret  
  173  14:40  Planetary Fortress  
  171  14:56  Viking  
  171  14:57  Viking x4  
  175  15:00  Missile Turret  
  175  15:17  Viking  
  177  15:26  Viking  
  177  15:27  Viking x4  
  181  15:33  SCV x6  
  188  15:36  Orbital Command  
  188  15:38  Viking  
  189  15:45  SCV x5, Command Center  
  189  15:46  SCV  
  195  15:52  Viking  
  195  15:56  Viking  
  195  15:57  SCV, Viking x2  
  182  16:17  Battlecruiser x2  
  175  16:29  Viking x2  
  175  16:30  Battlecruiser  
  151  16:56  Marine x6  
  154  17:14  Marine x3  
  154  17:15  Marauder x3  
  163  17:21  Battlecruiser  
  163  17:22  Battlecruiser  
  175  17:29  Refinery, Starport x2  
  175  17:33  Engineering Bay  
  175  17:35  Battlecruiser  
  181  17:43  Planetary Fortress  
  181  17:47  Marauder  
  181  17:48  Marauder x3, Marine x2  
  184  18:09  Marauder  
  185  18:25  Battlecruiser  
  185  18:26  Battlecruiser  
  184  18:30  Marine  
  184  18:31  Marine x3  
  184  18:34  Marine  
  182  18:37  Viking  
  182  18:39  Battlecruiser  
  183  18:53  Viking x3  
  176  19:07  Viking  
  153  19:19  Marine  
  153  19:20  Marauder  
  153  19:23  Viking x3  
  156  19:28  Terran Infantry Armor Level 3  
  156  19:29  Neosteel Armor, Viking  
  156  19:30  Terran Vehicle And Ship Armor Level 2, Viking  
  159  19:37  Viking  
  161  19:40  Unknown  
  161  19:41  Missile Turret  
  161  19:43  Viking  
  161  19:44  Missile Turret  
  161  19:45  Starport Tech Lab x2  
  163  19:53  Marine x6, Viking x3  
  163  19:59  Viking  
  177  20:11  Marauder  
  179  20:24  Viking  
  179  20:25  Viking x7  
  170  20:29  Viking  
  155  20:44  Orbital Command  
  155  20:54  Viking  
  155  20:55  Viking x7  
  171  20:58  Command Center  
  171  20:59  Viking  
  155  21:40  Marine  
  155  21:41  Marine x5  
  155  21:42  Battlecruiser  
  155  21:43  Battlecruiser x2  
  179  21:54  Command Center  
  179  21:57  Unknown  
  179  21:58  Marine  
  179  21:59  SCV, Marauder x2  
  179  22:00  SCV x4  
  186  22:27  Battlecruiser  
  150  22:59  Viking x5  
  138  23:31  Marine  
  138  23:32  Marine x5  
  140  23:40  Viking x2  
  140  23:41  Viking x4  
  144  23:42  Battlecruiser  
  152  23:50  Marauder x3  
  158  24:06  Viking x2  
  150  24:10  Viking x2  
  150  24:13  Marine x6  
  160  24:26  Command Center  
  160  24:30  Marine  
  160  24:31  Marine x5  
  161  24:34  Command Center  
  161  24:35  Missile Turret  
  161  24:36  Refinery, Missile Turret  
  161  24:37  Missile Turret  
  166  24:38  Missile Turret  
  166  24:41  Missile Turret  
  166  24:47  Missile Turret  
  166  24:48  Marine  
  166  24:49  Marine x5  
  163  25:06  Marine  
  163  25:07  Marine x3  
  153  25:08  Marine x2  
  164  25:24  Marine x3  
  164  25:25  Marine  
  164  25:26  Marine x2  
Show
View Real Time Build Order
Export as new Build Order

Kantara Protoss 

Build Orders: 1 Gate Expand, Phoenix Opening, Carriers 

Get SALT Encoding   

  12  0:00  Probe  
  13  0:12  Probe  
  14  0:18  Pylon  
  14  0:25  Probe (Chrono Boost)  
  15  0:36  Gateway  
  15  0:44  Probe (Chrono Boost)  
  16  0:51  Assimilator  
  16  0:55  Probe  
  17  1:07  Probe  
  18  1:19  Probe  
  19  1:31  Probe  
  20  1:39  Nexus  
  20  1:43  Probe  
  21  1:49  Cybernetics Core  
  21  1:53  Assimilator  
  21  1:55  Probe  
  22  2:07  Probe  
  23  2:10  Pylon  
  22  2:19  Probe  
  23  2:25  Adept (Chrono Boost)  
  25  2:30  Shield Battery  
  25  2:31  Probe  
  26  2:38  Warp Gate  
  26  2:44  Probe  
  27  2:49  Sentry  
  29  2:56  Probe  
  30  3:01  Stargate  
  30  3:05  Probe  
  31  3:08  Probe  
  31  3:11  Shield Battery  
  32  3:16  Adept  
  35  3:20  Probe (Chrono Boost)  
  35  3:21  Probe (Chrono Boost)  
  36  3:32  Probe (Chrono Boost)  
  37  3:41  Probe (Chrono Boost)  
  37  3:42  Assimilator, Probe (Chrono Boost)  
  37  3:44  Phoenix  
  39  3:51  Probe x2 (Chrono Boost), Robotics Facility  
  41  3:59  Assimilator  
  41  4:01  Probe (Chrono Boost)  
  43  4:03  Probe (Chrono Boost)  
  43  4:06  Pylon  
  43  4:09  Phoenix  
  45  4:13  Probe (Chrono Boost)  
  46  4:18  Pylon  
  46  4:24  Probe (Chrono Boost)  
  48  4:25  Probe (Chrono Boost)  
  48  4:30  Adept  
  50  4:35  Probe (Chrono Boost)  
  50  4:38  Probe (Chrono Boost)  
  52  4:40  Probe (Chrono Boost), Immortal (Chrono Boost)  
  57  4:46  Probe  
  57  4:50  Probe, Phoenix  
  61  5:02  Nexus  
  61  5:08  Probe  
  62  5:14  Pylon  
  62  5:15  Shield Battery  
  62  5:25  Pylon  
  62  5:32  Probe, Observer  
  62  5:35  Robotics Bay  
  64  5:37  Pylon  
  64  5:39  Pylon  
  62  6:05  Probe x2  
  62  6:10  Observer (Chrono Boost)  
  65  6:17  Probe x2  
  67  6:18  Pylon  
  67  6:24  Probe, Colossus (Chrono Boost)  
  68  6:25  Extended Thermal Lance  
  68  6:29  Probe x2  
  68  6:32  Pylon  
  76  6:34  Twilight Council  
  76  6:36  Forge  
  76  6:37  Probe  
  77  6:40  Gateway x2  
  77  6:41  Probe  
  77  6:45  Assimilator  
  78  6:47  Probe  
  78  6:49  Assimilator, Probe  
  78  6:52  Shield Battery  
  80  7:02  Probe x3  
  80  7:05  Pylon  
  80  7:07  Gateway  
  83  7:14  Protoss Ground Weapons Level 1 (Chrono Boost), Probe  
  84  7:17  Charge (Chrono Boost)  
  84  7:24  Fleet Beacon  
  84  7:26  Pylon  
  84  7:27  Stargate  
  84  7:33  Colossus (Chrono Boost)  
  84  7:36  Protoss Air Weapons Level 1 (Chrono Boost)  
  84  7:39  Probe  
  84  7:40  Probe x2  
  93  7:44  Gateway  
  93  7:51  Sentry x2  
  95  7:52  Sentry  
  95  7:54  Probe x2  
  95  7:55  Probe  
  102  8:06  Probe  
  102  8:07  Probe x2  
  105  8:16  Nexus  
  105  8:18  Photon Cannon  
  105  8:21  Probe  
  105  8:23  Carrier  
  118  8:27  Carrier  
  118  8:32  Probe x2  
  118  8:33  Disruptor  
  123  8:41  Probe  
  124  8:44  Probe  
  124  8:45  Assimilator  
  125  8:49  Assimilator  
  125  8:52  Pylon, Templar Archives  
  125  9:03  Stargate  
  125  9:08  Robotics Facility  
  125  9:12  Disruptor  
  128  9:26  Probe x3  
  128  9:30  Carrier  
  137  9:32  Carrier  
  137  9:37  Protoss Air Weapons Level 2 (Chrono Boost)  
  143  9:39  Photon Cannon  
  143  9:41  Photon Cannon  
  143  9:44  Photon Cannon  
  143  9:45  Shield Battery  
  143  9:46  Disruptor (Chrono Boost)  
  152  9:53  Carrier  
  152  9:54  Probe x2  
  152  9:58  Cybernetics Core  
  154  10:05  Disruptor (Chrono Boost)  
  157  10:10  Probe  
  157  10:12  Protoss Ground Weapons Level 2 (Chrono Boost)  
  158  10:15  Disruptor  
  158  10:19  Nexus  
  161  10:30  Photon Cannon  
  161  10:32  Photon Cannon  
  161  10:33  Photon Cannon  
  161  10:45  Pylon  
  161  10:47  Pylon  
  161  10:48  Protoss Air Armor Level 1 (Chrono Boost)  
  161  10:50  Photon Cannon  
  161  10:51  Photon Cannon  
  161  11:03  Carrier (Chrono Boost)  
  167  11:05  Carrier x2 (Chrono Boost)  
  179  11:12  Photon Cannon  
  179  11:14  Photon Cannon  
  179  11:15  Pylon  
  179  11:17  Pylon  
  179  11:22  Photon Cannon x2  
  179  11:24  Photon Cannon  
  176  12:15  Probe  
  177  12:16  Probe  
  177  12:22  Photon Cannon  
  178  12:24  Photon Cannon  
  178  12:25  Photon Cannon, Carrier x3 (Chrono Boost)  
  178  12:26  Photon Cannon  
  178  12:28  Photon Cannon  
  178  12:29  Photon Cannon  
  196  12:30  Pylon  
  196  12:32  Pylon  
  196  12:40  Stargate  
  196  12:42  Stargate  
  196  12:43  Stargate  
  196  12:51  Protoss Air Weapons Level 3 (Chrono Boost)  
  170  13:22  Tempest x3  
  170  13:27  Tempest x3  
  179  13:28  Mothership (Chrono Boost)  
  190  13:51  Pylon, Stargate  
  190  13:53  Pylon  
  190  13:58  Assimilator x2  
  190  14:01  Pylon  
  190  14:02  Pylon, Protoss Shields Level 1 (Chrono Boost)  
  190  14:04  Tempest  
  195  14:14  Protoss Air Armor Level 2 (Chrono Boost)  
  195  14:16  Photon Cannon  
  191  14:18  Photon Cannon  
  191  14:19  Pylon x2  
  191  14:22  Photon Cannon  
  191  14:25  Tempest  
  179  14:54  Dark Shrine  
  177  15:53  Photon Cannon  
  177  15:55  Photon Cannon  
  170  15:57  Photon Cannon x2  
  170  15:58  Photon Cannon  
  170  16:00  Photon Cannon  
  170  16:01  Photon Cannon  
  170  16:03  Pylon, Photon Cannon  
  161  16:05  Pylon  
  158  16:14  Tempest x4  
  145  16:33  Unknown  
  139  16:45  Carrier x2 (Chrono Boost)  
  120  16:58  Carrier x3 (Chrono Boost)  
  142  17:15  Carrier x2 (Chrono Boost)  
  150  17:25  Dark Templar x5  
  160  17:51  Carrier  
  160  17:56  Nexus  
  162  17:59  Pylon  
  162  18:02  Pylon  
  162  18:04  Unknown  
  157  18:20  Photon Cannon x2  
  157  18:22  Photon Cannon x2  
  157  18:24  Photon Cannon  
  141  18:29  Carrier (Chrono Boost)  
  141  18:30  Carrier (Chrono Boost)  
  132  18:53  Tempest (Chrono Boost)  
  132  18:54  Tempest x2 (Chrono Boost)  
  147  18:58  Tempest (Chrono Boost)  
  147  19:18  Nexus  
  141  19:54  Photon Cannon  
  141  19:55  Photon Cannon  
  141  19:56  Photon Cannon  
  141  19:57  Photon Cannon x2  
  141  19:58  Pylon, Photon Cannon, Tempest  
  146  20:21  Dark Templar x5  
  121  20:50  Tempest x4  
  126  21:30  Carrier x3 (Chrono Boost)  
  126  21:31  Carrier (Chrono Boost)  
  139  21:59  Observer x2  
  141  22:02  Nexus  
  141  22:21  Dark Templar x5  
  106  23:05  Carrier x3  
  109  23:23  Archon x2  
  97  23:35  Pylon  
  86  23:44  Stalker x3  
  86  23:45  Stalker x2  
  92  23:51  Carrier  
  79  24:22  Zealot x5  
  83  24:29  Pylon  
  83  24:32  Assimilator  
  83  24:35  Assimilator  
  69  24:56  Dark Templar x5  
  68  25:28  Probe x2 (Chrono Boost)  
  72  25:33  Probe x3 (Chrono Boost)  
Tags
 
Add a new tag
Caveats
  • Supply blocks, unpowered buildings, or Contaminate may cause inaccurate times.
  • Supply counts are checked every 10 seconds.